AoeStats
← Red Calypso

Arena

510564583Analyzed
4v4 RM · 1d ago on Oct 1, 2026· 34m 0s· 8 players
Game mode
Random Map
Map size
Large (8 player)
Population
200
Speed
Normal
Resources
Standard
Victory
Conquest
Starting age
Dark Age
Ending age
Imperial Age
RankedLock teamsTeams togetherTeam positionsShared explorationLock speedFull tech treeHidden civsTurbo modeCheats
Victory
Defeat
🇩🇪 Cumans · Germany
1441
+15
🇦🇹 Turks · Austria
1418
+16
🇩🇪 Bohemians · Germany
1388
+17
🇩🇪 Ethiopians · Germany
1296
+20
🇹🇷 Mongols · Türkiye
1449
-19
🇩🇪 Franks · Germany
1404
-17
🇬🇧 Spanish · United Kingdom
1387
-16
🇷🇺 Danes · Russia
1377
-16
Pr3dator
10:27 Feudal Age
10:47 Loom
11:35 Double-Bit Axe
12:36 Town Watch
15:22 Castle Age
13:34 Gold Mining
16:26 Bow Saw
17:16 Bow Saw
24:20 Wheelbarrow
28:59 Imperial Age
26:55 Scale Barding Armor
27:50 Gold Shaft Mining
28:57 Forging
29:07 Cavalier
30:34 Iron Casting
30:46 Husbandry
31:58 Chain Barding Armor
33:22 Plate Barding Armor
33:54 Husbandry
lidyaqu
10:48 Feudal Age
14:31 Castle Age
12:36 Double-Bit Axe
12:51 Horse Collar
16:09 Loom
17:03 Heavy Plow
17:33 Town Watch
25:44 Wheelbarrow
29:12 Imperial Age
27:12 Scale Mail Armor
27:22 Forging
27:04 Stone Mining
27:08 Gold Mining
27:39 Bow Saw
29:23 Stone Shaft Mining
29:10 Chain Mail Armor
29:31 Iron Casting
28:47 Fletching
29:37 Town Patrol
29:53 Hand Cart
30:38 Plate Mail Armor
30:09 Murder Holes
30:34 Ballistics
31:15 Chemistry
30:43 Hamask
32:33 Gold Shaft Mining
33:12 Blast Furnace
33:12 Bodkin Arrow
33:08 Elite Jomsviking
33:59 Siege Engineers
33:19 Hamask
KhanShinnok
10:53 Feudal Age
14:43 Castle Age
13:24 Double-Bit Axe
15:02 Horse Collar
15:48 Heavy Plow
19:20 Bow Saw
20:01 Gold Mining
21:04 Fletching
22:16 Ballistics
22:14 Bodkin Arrow
22:53 Padded Archer Armor
24:08 Leather Archer Armor
27:50 Masonry
29:30 Fortified Wall
31:34 Stone Mining
32:20 Gold Shaft Mining
32:22 Wheelbarrow
31:33 Loom
34:17 Stone Shaft Mining
kPL
10:47 Feudal Age
11:59 Double-Bit Axe
14:26 Castle Age
12:40 Horse Collar
14:40 Loom
19:37 Redemption
20:40 Sanctity
20:21 Gold Mining
21:10 Atonement
22:06 Inquisition
24:00 Fervor
24:07 Town Watch
26:12 Bow Saw
29:15 Wheelbarrow
29:01 Town Patrol
29:15 Heavy Plow
30:24 Town Patrol
33:08 Hand Cart
Red Calypso
10:07 Feudal Age
10:18 Loom
13:49 Castle Age
23:11 Imperial Age
22:12 Padded Archer Armor
22:43 Double-Bit Axe
schlauchnase
9:52 Loom
11:40 Feudal Age
15:40 Castle Age
13:39 Double-Bit Axe
19:48 Imperial Age
19:55 Chemistry
19:41 Loom
20:00 Padded Archer Armor
34:31 Sanctity
34:23 Fervor
34:38 Leather Archer Armor
Maschndrohtzaun
8:23 Feudal Age
9:01 Double-Bit Axe
11:26 Horse Collar
13:09 Wheelbarrow
19:04 Castle Age
17:45 Scale Barding Armor
17:51 Forging
17:55 Bloodlines
18:23 Forging
21:18 Gold Mining
21:52 Bow Saw
23:00 Heavy Plow
24:43 Bloodlines
25:47 Chain Barding Armor
27:58 Forging
33:35 Imperial Age
30:53 Loom
33:14 Hand Cart
33:42 Gold Shaft Mining
33:50 Stone Mining
34:53 Plate Barding Armor
33:40 Cavalier
Eule_Keule
10:04 Feudal Age
14:06 Castle Age
13:03 Horse Collar
13:48 Double-Bit Axe
14:33 Loom
15:28 Wheelbarrow
16:02 Fletching
16:12 Padded Archer Armor
16:02 Crossbowman
19:16 Gold Mining
24:18 Ballistics
24:16 Bodkin Arrow
25:32 Leather Archer Armor
29:12 Thumb Ring
33:27 Stone Mining
Connection lost

Rejoining the realm…

Still unreachable

The connection could not be restored.

Session expired

The server has moved on; the page needs a fresh start.